Map: [ESL] Hard Lead

Players

Gerald - Winner!

  • Race: Protoss Protoss
  • Spawn Location: 5:00

Wayne

  • Race: Zerg Zerg
  • Spawn Location: 11:00

Event: ESL SC2 Masters 2023 Winter (Regional)

VOD

Have the link to the VOD?

Description

Time

  • Played on: Nov. 5, 2023, 11:30 a.m.
  • Length: 8:38

All games in this series

Show
View Real Time Build Order
Export as new Build Order

Gerald Protoss - Winner!

Build Orders: 1 Gate Expand, Oracle Opening 

Get SALT Encoding   

  12  0:00  Probe  
  13  0:12  Probe  
  14  0:20  Pylon  
  14  0:24  Probe  
  15  0:38  Probe (Chrono Boost)  
  15  0:41  Gateway  
  16  0:47  Probe (Chrono Boost)  
  17  0:50  Assimilator  
  17  0:52  Probe  
  18  1:04  Probe  
  19  1:17  Probe  
  20  1:25  Nexus  
  20  1:29  Probe  
  21  1:38  Cybernetics Core  
  21  1:46  Assimilator, Probe  
  22  1:52  Pylon  
  22  1:59  Probe  
  23  2:11  Adept (Chrono Boost), Probe  
  26  2:23  Stargate, Probe  
  27  2:32  Adept (Chrono Boost)  
  27  2:35  Probe  
  30  2:40  Probe  
  31  2:47  Probe, Warp Gate  
  32  2:52  Probe  
  32  2:54  Adept  
  35  2:59  Probe  
  35  3:05  Probe  
  37  3:11  Probe  
  38  3:17  Probe  
  39  3:20  Oracle (Chrono Boost)  
  39  3:23  Probe  
  43  3:29  Pylon, Probe  
  43  3:33  Gateway  
  44  3:35  Probe  
  44  3:41  Probe  
  46  3:48  Nexus  
  46  3:49  Oracle (Chrono Boost), Pylon  
  49  3:58  Probe  
  49  3:59  Probe  
  51  4:09  Gateway  
  51  4:10  Gateway, Probe  
  52  4:18  Probe  
  52  4:23  Probe  
  54  4:26  Assimilator  
  54  4:28  Twilight Council  
  54  4:30  Probe, Pylon  
  55  4:32  Shield Battery  
  55  4:35  Probe  
  56  4:46  Adept x2  
  56  4:50  Pylon, Probe (Chrono Boost)  
  61  4:59  Probe x2 (Chrono Boost)  
  63  5:00  Blink (Chrono Boost)  
  63  5:02  Probe (Chrono Boost)  
  64  5:09  Probe x2 (Chrono Boost), Forge  
  64  5:10  Probe (Chrono Boost)  
  64  5:11  Stalker  
  64  5:12  Stalker x2  
  73  5:22  Probe  
  73  5:28  Probe  
  75  5:30  Stalker, Probe  
  75  5:34  Probe  
  73  5:40  Probe  
  73  5:42  Probe  
  75  5:43  Gateway  
  75  5:44  Gateway x2  
  75  5:45  Gateway  
  75  5:48  Stalker x3  
  81  5:51  Probe  
  81  5:52  Probe  
  81  5:55  Assimilator  
  81  5:56  Pylon  
  83  6:02  Probe  
  83  6:03  Probe  
  85  6:04  Pylon  
  85  6:05  Protoss Ground Weapons Level 1  
  85  6:06  Pylon  
  85  6:12  Pylon  
  85  6:14  Probe x2  
  87  6:25  Stalker x2  
  87  6:26  Stalker x2  
  87  6:30  Nexus, Pylon  
  87  6:31  Probe  
  96  6:37  Pylon  
  96  6:38  Probe  
  96  6:44  Stalker x3  
  96  6:46  Nexus  
  102  6:47  Pylon  
  102  6:59  Probe  
  102  7:00  Charge (Chrono Boost)  
  103  7:04  Stalker x5  
  103  7:08  Pylon  
  113  7:10  Zealot x2, Shield Battery, Stalker  
  119  7:20  Probe x3  
  122  7:26  Gateway  
  122  7:29  Gateway, Stalker x3  
  128  7:32  Probe x2  
  130  7:38  Zealot  
  132  7:49  Probe  
  129  7:52  Stalker x3  
  129  7:54  Pylon  
  129  7:57  Pylon  
  133  8:01  Zealot x5  
  143  8:05  Probe  
  143  8:12  Probe  
  145  8:14  Probe  
  145  8:16  Zealot x3  
  145  8:18  Pylon  
  152  8:20  Pylon  
  152  8:28  Zealot x6  
Show
View Real Time Build Order
Export as new Build Order

Wayne Zerg 

Build Orders: Hatch First 

Get SALT Encoding   

  12  0:00  Drone  
  13  0:12  Overlord  
  13  0:17  Drone  
  14  0:30  Drone x2  
  16  0:50  Hatchery  
  16  0:51  Drone  
  16  0:54  Drone  
  17  0:58  Drone  
  18  1:09  Extractor  
  17  1:14  Spawning Pool  
  17  1:17  Drone  
  17  1:20  Drone  
  18  1:28  Drone  
  19  1:39  Drone  
  20  1:52  Overlord  
  20  2:02  Zergling x4, Queen x2  
  26  2:12  Drone x2  
  26  2:13  Metabolic Boost  
  28  2:24  Zergling x2  
  28  2:25  Drone  
  30  2:35  Hatchery  
  29  2:38  Drone  
  30  2:47  Queen  
  30  2:49  Zergling x2  
  33  2:52  Overlord  
  33  2:55  Drone  
  33  2:58  Drone  
  35  2:59  Drone  
  35  3:04  Drone  
  36  3:10  Overlord  
  36  3:12  Drone x2  
  38  3:15  Spore Crawler  
  37  3:22  Queen  
  37  3:24  Zergling x2  
  40  3:27  Zergling x2  
  40  3:29  Zergling x2  
  40  3:33  Drone  
  40  3:34  Drone x2  
  45  3:41  Queen  
  47  3:48  Drone  
  47  3:49  Drone x2  
  47  3:53  Queen  
  52  3:58  Spore Crawler  
  52  4:02  Drone  
  51  4:03  Overlord  
  51  4:05  Drone  
  51  4:08  Evolution Chamber  
  51  4:10  Spore Crawler  
  51  4:11  Drone x2  
  51  4:13  Drone  
  51  4:14  Spore Crawler  
  51  4:16  Spore Crawler  
  52  4:20  Drone  
  52  4:24  Spore Crawler  
  53  4:27  Drone x5  
  58  4:33  Zergling x8  
  58  4:36  Zerg Melee Weapons Level 1  
  61  4:44  Drone  
  61  4:47  Drone  
  61  4:50  Drone  
  61  4:51  Drone x3  
  63  4:56  Hatchery  
  62  5:01  Drone x2  
  62  5:03  Drone  
  62  5:06  Overlord x2  
  65  5:11  Overlord  
  65  5:18  Overlord  
  65  5:25  Zergling x14  
  61  5:28  Drone  
  61  5:33  Drone x2  
  58  5:35  Drone  
  58  5:36  Drone x4  
  58  5:40  Baneling Nest  
  58  5:41  Drone  
  58  5:42  Drone  
  63  5:46  Drone  
  63  5:47  Drone  
  65  5:53  Lair  
  66  5:57  Zergling x6  
  66  6:04  Zergling x14  
  74  6:06  Roach Warren  
  74  6:09  Overlord  
  74  6:13  Drone x4  
  78  6:19  Drone  
  78  6:20  Drone x4  
  83  6:31  Extractor  
  83  6:32  Extractor x2  
  80  6:33  Extractor  
  80  6:34  Drone x8, Overlord  
  80  6:39  Extractor  
  86  6:42  Drone x6  
  92  6:47  Overlord  
  92  6:52  Spire  
  89  6:57  Zergling x10  
  88  7:03  Drone x3, Spore Crawler  
  88  7:07  Drone  
  88  7:08  Drone  
  92  7:10  Zergling x10  
  92  7:13  Zergling x6  
  92  7:15  Overseer  
  100  7:18  Zergling x2, Overlord  
  100  7:19  Zergling x2  
  102  7:24  Zergling x2  
  102  7:25  Zergling x2  
  102  7:27  Overlord  
  102  7:28  Extractor  
  102  7:29  Extractor  
  102  7:38  Zergling x6  
  105  7:44  Overlord  
  105  7:49  Zergling x8  
  102  7:53  Overlord x2  
  102  7:59  Overlord x2  
  102  8:04  Mutalisk  
  103  8:12  Mutalisk x8  
  114  8:14  Zergling x2  
  114  8:15  Zergling x10  
Tags
 
Add a new tag
Caveats
  • Supply blocks, unpowered buildings, or Contaminate may cause inaccurate times.
  • Supply counts are checked every 10 seconds.